Map: El Dorado

Players

iPlayDefense - Winner!

  • Race: Terran Terran
  • League: Silver
  • Spawn Location: 5:00

channo

  • Race: Zerg Zerg
  • Spawn Location: 7:00

VOD

Have the link to the VOD?

Description

Time

  • Played on: April 17, 2025, 3:11 p.m.
  • Length: 17:38
Show
View Real Time Build Order
Export as new Build Order

iPlayDefense Terran - Winner!

Build Orders:  

Get SALT Encoding   

  12  0:00  SCV  
  13  0:22  Supply Depot  
  13  0:24  SCV, Refinery  
  14  0:36  SCV  
  15  0:48  SCV  
  16  0:58  Barracks  
  16  1:00  SCV  
  17  1:12  SCV  
  17  1:15  Refinery  
  18  1:25  SCV  
  19  1:29  Supply Depot  
  19  1:46  Orbital Command, Barracks Reactor  
  19  2:00  Bunker  
  19  2:06  Supply Depot  
  19  2:14  Supply Depot  
  19  2:21  Supply Depot  
  19  2:25  Marine  
  20  2:30  Marine  
  21  2:51  SCV  
  22  2:54  Marine x2  
  24  3:03  SCV  
  25  3:15  SCV  
  26  3:22  Command Center  
  26  3:27  SCV  
  27  3:39  SCV  
  28  3:43  Factory  
  28  3:51  SCV  
  29  4:01  Barracks  
  29  4:06  Barracks  
  29  4:34  Orbital Command  
  29  4:40  SCV  
  29  4:41  Marine x2  
  32  4:49  Factory Reactor, Factory Tech Lab  
  32  4:52  SCV  
  33  4:53  Barracks Tech Lab x2  
  33  4:59  Marine x2  
  35  5:01  Refinery  
  35  5:04  SCV  
  36  5:10  Engineering Bay  
  36  5:12  Combat Shield  
  36  5:13  Stimpack  
  36  5:16  SCV  
  36  5:17  Marine x2  
  39  5:23  SCV  
  39  5:24  Marine  
  39  5:25  Refinery  
  41  5:28  SCV  
  41  5:32  Supply Depot  
  42  5:36  SCV  
  42  5:39  Terran Infantry Weapons Level 1  
  42  5:40  SCV  
  42  5:41  Siege Tank  
  47  6:13  SCV x2, Marine  
  47  6:14  Marine x3  
  47  6:16  Siege Tank  
  56  6:25  SCV x2  
  58  6:26  Starport  
  58  6:28  Armory  
  58  6:31  Marine x2  
  60  6:33  Supply Depot  
  60  6:45  SCV x2, Marine x2  
  64  6:48  Siege Tank  
  64  6:49  Marine x2  
  69  6:57  SCV x2  
  71  7:15  SCV x2, Marine  
  73  7:16  Marine x3  
  73  7:19  Medivac  
  73  7:20  Siege Tank  
  82  7:24  Supply Depot  
  82  7:27  SCV x2  
  84  7:30  Supply Depot  
  84  7:33  Marine x2  
  86  7:45  Marine x2  
  86  7:46  SCV x2  
  86  7:47  Supply Depot  
  92  7:51  Marine  
  92  7:52  Siege Tank  
  92  7:53  Supply Depot  
  92  7:58  SCV x2  
  98  8:07  Liberator  
  98  8:24  Siege Tank  
  94  8:56  Siege Tank  
  97  9:03  Marine x2  
  97  9:04  Marine x2  
  97  9:07  Medivac  
  103  9:21  Marine x2  
  105  9:28  Siege Tank  
  105  9:36  Medivac  
  107  9:55  Barracks  
  107  9:57  Barracks  
  107  10:00  Siege Tank  
  110  10:07  Command Center  
  110  10:09  Supply Depot  
  110  10:10  Supply Depot  
  110  10:12  Terran Infantry Weapons Level 2  
  110  10:14  Terran Vehicle Weapons Level 1  
  110  10:32  Supply Depot  
  110  10:33  Supply Depot  
  110  10:55  Supply Depot  
  110  10:56  Supply Depot  
  110  11:09  Barracks Reactor x2  
  110  11:17  Starport Reactor  
  110  11:18  Supply Depot  
  110  11:19  Marine  
  110  11:20  Marine x3  
  110  11:23  Thor  
  120  11:30  Orbital Command  
  120  11:37  Marine  
  120  11:38  Marine x3  
  120  11:39  Sensor Tower  
  124  11:49  Orbital Command  
  124  11:55  Marine x4  
  128  12:06  Thor  
  128  12:08  Terran Vehicle And Ship Armor Level 1  
  134  12:13  Supply Depot, Marine x4  
  138  12:18  Bunker  
  138  12:19  Supply Depot  
  138  12:24  Medivac x2  
  138  12:28  Terran Infantry Armor Level 1  
  142  12:31  Marine x2  
  142  12:36  Supply Depot  
  144  12:42  Supply Depot  
  144  12:44  SCV  
  144  12:48  Marine  
  144  12:49  Marine x7, Thor  
  159  12:54  Medivac x2  
  159  12:56  SCV  
  164  13:00  Supply Depot  
  164  13:06  Marine  
  164  13:07  Marine x7  
  164  13:08  SCV  
  173  13:20  SCV  
  173  13:24  Marine x3  
  173  13:25  Marine x2  
  179  13:32  Thor  
  179  13:33  SCV  
  186  13:45  SCV  
  187  13:57  SCV, Missile Turret  
  188  14:09  SCV, Terran Vehicle Weapons Level 2  
  189  14:14  Thor  
  189  14:16  Missile Turret  
  195  14:21  SCV  
  195  14:22  Terran Infantry Weapons Level 3  
  196  14:33  SCV  
  196  14:35  Missile Turret  
  197  14:45  SCV  
  198  14:55  Missile Turret  
  198  14:57  SCV  
  199  15:09  SCV  
  200  15:20  Missile Turret  
  200  15:41  Missile Turret  
  200  16:00  Missile Turret  
  193  16:19  Missile Turret  
Show
View Real Time Build Order
Export as new Build Order

channo Zerg 

Build Orders: Pool First 

Get SALT Encoding   

  12  0:03  Drone  
  13  0:25  Spawning Pool  
  12  0:49  Drone x2  
  14  0:51  Overlord  
  14  1:09  Hatchery  
  13  1:19  Extractor  
  12  1:26  Extractor  
  12  1:29  Drone x3  
  14  2:00  Drone x2  
  16  2:01  Queen  
  18  2:09  Drone  
  18  2:14  Drone  
  20  2:21  Drone  
  21  2:23  Queen  
  21  2:29  Drone  
  24  2:44  Drone x3  
  27  3:01  Spine Crawler  
  26  3:12  Spine Crawler  
  25  3:30  Drone  
  25  3:31  Drone x2  
  28  3:51  Hatchery  
  27  4:03  Zergling x2  
  27  4:08  Overlord x3  
  28  4:34  Zergling x6  
  28  4:35  Zergling x10  
  28  4:36  Drone x2  
  38  4:52  Spine Crawler  
  37  4:57  Spine Crawler  
  36  5:00  Spine Crawler  
  35  5:16  Spine Crawler  
  35  5:35  Queen  
  35  5:39  Zergling x6  
  40  5:50  Spine Crawler  
  40  5:54  Drone x3  
  40  5:55  Drone x4  
  46  6:02  Extractor  
  45  6:14  Roach Warren  
  45  6:17  Evolution Chamber  
  43  6:22  Lair  
  43  6:49  Zergling x2  
  43  6:50  Zergling x14  
  43  6:51  Zergling x4  
  52  7:38  Baneling Nest  
  52  7:41  Zerg Melee Weapons Level 1  
  51  7:58  Spore Crawler  
  49  8:14  Spine Crawler  
  44  8:22  Spore Crawler  
  44  8:26  Roach x3  
  44  8:27  Roach x6  
  38  8:28  Roach x3  
  38  8:30  Roach  
  38  8:34  Zergling x2  
  53  8:42  Drone x2  
  47  8:59  Ravager  
  47  9:00  Ravager x2  
  50  9:03  Ravager x3  
  50  9:04  Ravager  
  50  9:05  Ravager x2  
  50  9:06  Ravager  
  50  9:09  Drone  
  33  9:35  Zerg Missile Weapons Level 1  
  33  9:37  Zergling x8  
  33  9:38  Zergling x2  
  38  9:39  Drone  
  39  9:56  Zergling x6  
  42  10:04  Baneling x3  
  42  10:06  Baneling  
  42  10:10  Zergling x2  
  43  10:22  Zergling x4  
  43  10:28  Drone  
  46  10:31  Drone  
  47  10:37  Drone  
  48  10:47  Baneling x2  
  48  10:48  Baneling x2  
  48  10:49  Baneling  
  48  10:53  Baneling  
  48  11:08  Baneling  
  48  11:09  Baneling  
  48  11:10  Baneling x2  
  48  11:11  Baneling  
  48  11:12  Baneling x3  
  48  11:17  Zergling x6  
  48  11:18  Zergling x2  
  52  11:29  Zerg Ground Armor Level 1  
  32  12:28  Drone x2  
  32  12:29  Drone x3  
  37  12:32  Hatchery  
  36  13:04  Drone x6  
  42  13:33  Drone x4  
  46  13:44  Queen  
  46  13:45  Drone  
  46  13:48  Drone x4  
  53  14:09  Hatchery  
  52  14:28  Hatchery  
  52  14:29  Roach x3  
  57  14:33  Drone  
  58  14:42  Spore Crawler  
  57  15:12  Spore Crawler  
  56  15:15  Spore Crawler x2  
  56  15:18  Drone x4  
  56  15:19  Spore Crawler  
  56  15:20  Overlord x3  
  56  15:21  Overlord  
  46  15:45  Drone x7  
  46  15:46  Drone x2  
  55  15:55  Drone x3  
  58  16:00  Drone x2  
  59  16:06  Drone x3  
  48  16:30  Overseer  
  39  16:34  Drone  
  39  16:35  Zergling x10  
  39  16:52  Zergling x6  
  39  16:53  Zergling x2  
Tags
 
League
Silver
Matchup
TvZ
Opening
Pool First
Replay Pack
DaveSC2
Spawn Locations
Close Positions
Add a new tag
Caveats
  • Supply blocks, unpowered buildings, or Contaminate may cause inaccurate times.
  • Supply counts are checked every 10 seconds.